Workbook

Sheet 2016 Orders
A1: Order ID | B1: Salesperson | C1: Product | D1: Price | E1: Month | F1: Region | G1: Unit | H1: Total | I1: Discount | J1: Totalw/Dis
A2: 136 | B2: Alex | C2: A | D2: =VLOOKUP(Table1[[#This Row],[Product]],'Income Statements'!$C$4:$E$7,3,TRUE) -> 62 | E2: Apr | F2: Midwest | G2: 47 | H2: =Table1[[#This Row],[Price]]*Table1[[#This Row],[Unit]] -> 2914 | I2: =IF(Table1[[#This Row],[Region]]="West",Table1[[#This Row],[Total]]*0.9,IF(Table1[[#This Row],[Month]]="Dec",Table1[[#This Row],[Total]]*0.9,0)) -> 0 | J2: =Table1[[#This Row],[Total]]-Table1[[#This Row],[Discount]] -> 2914 | L2: =AVERAGE(Table1[Unit]) -> 25.646
A3: 421 | B3: Alex | C3: A | D3: =VLOOKUP(Table1[[#This Row],[Product]],'Income Statements'!$C$4:$E$7,3,TRUE) -> 62 | E3: Apr | F3: Midwest | G3: 38 | H3: =Table1[[#This Row],[Price]]*Table1[[#This Row],[Unit]] -> 2356 | I3: =IF(Table1[[#This Row],[Region]]="West",Table1[[#This Row],[Total]]*0.9,IF(Table1[[#This Row],[Month]]="Dec",Table1[[#This Row],[Total]]*0.9,0)) -> 0 | J3: =Table1[[#This Row],[Total]]-Table1[[#This Row],[Discount]] -> 2356
A4: 676 | B4: Alex | C4: A | D4: =VLOOKUP(Table1[[#This Row],[Product]],'Income Statements'!$C$4:$E$7,3,TRUE) -> 62 | E4: Apr | F4: West | G4: 28 | H4: =Table1[[#This Row],[Price]]*Table1[[#This Row],[Unit]] -> 1736 | I4: =IF(Table1[[#This Row],[Region]]="West",Table1[[#This Row],[Total]]*0.9,IF(Table1[[#This Row],[Month]]="Dec",Table1[[#This Row],[Total]]*0.9,0)) -> 1562.4 | J4: =Table1[[#This Row],[Total]]-Table1[[#This Row],[Discount]] -> 173.6
A5: 693 | B5: Alex | C5: C | D5: =VLOOKUP(Table1[[#This Row],[Product]],'Income Statements'!$C$4:$E$7,3,TRUE) -> 46 | E5: Apr | F5: South | G5: 48 | H5: =Table1[[#This Row],[Price]]*Table1[[#This Row],[Unit]] -> 2208 | I5: =IF(Table1[[#This Row],[Region]]="West",Table1[[#This Row],[Total]]*0.9,IF(Table1[[#This Row],[Month]]="Dec",Table1[[#This Row],[Total]]*0.9,0)) -> 0 | J5: =Table1[[#This Row],[Total]]-Table1[[#This Row],[Discount]] -> 2208
A6: 740 | B6: Alex | C6: C | D6: =VLOOKUP(Table1[[#This Row],[Product]],'Income Statements'!$C$4:$E$7,3,TRUE) -> 46 | E6: Apr | F6: East | G6: 27 | H6: =Table1[[#This Row],[Price]]*Table1[[#This Row],[Unit]] -> 1242 | I6: =IF(Table1[[#This Row],[Region]]="West",Table1[[#This Row],[Total]]*0.9,IF(Table1[[#This Row],[Month]]="Dec",Table1[[#This Row],[Total]]*0.9,0)) -> 0 | J6: =Table1[[#This Row],[Total]]-Table1[[#This Row],[Discount]] -> 1242
A7: 799 | B7: Alex | C7: D | D7: =VLOOKUP(Table1[[#This Row],[Product]],'Income Statements'!$C$4:$E$7,3,TRUE) -> 35 | E7: Apr | F7: South | G7: 47 | H7: =Table1[[#This Row],[Price]]*Table1[[#This Row],[Unit]] -> 1645 | I7: =IF(Table1[[#This Row],[Region]]="West",Table1[[#This Row],[Total]]*0.9,IF(Table1[[#This Row],[Month]]="Dec",Table1[[#This Row],[Total]]*0.9,0)) -> 0 | J7: =Table1[[#This Row],[Total]]-Table1[[#This Row],[Discount]] -> 1645
A8: 894 | B8: Alex | C8: A | D8: =VLOOKUP(Table1[[#This Row],[Product]],'Income Statements'!$C$4:$E$7,3,TRUE) -> 62 | E8: Apr | F8: West | G8: 15 | H8: =Table1[[#This Row],[Price]]*Table1[[#This Row],[Unit]] -> 930 | I8: =IF(Table1[[#This Row],[Region]]="West",Table1[[#This Row],[Total]]*0.9,IF(Table1[[#This Row],[Month]]="Dec",Table1[[#This Row],[Total]]*0.9,0)) -> 837 | J8: =Table1[[#This Row],[Total]]-Table1[[#This Row],[Discount]] -> 93
A9: 148 | B9: Alex | C9: C | D9: =VLOOKUP(Table1[[#This Row],[Product]],'Income Statements'!$C$4:$E$7,3,TRUE) -> 46 | E9: Aug | F9: Midwest | G9: 38 | H9: =Table1[[#This Row],[Price]]*Table1[[#This Row],[Unit]] -> 1748 | I9: =IF(Table1[[#This Row],[Region]]="West",Table1[[#This Row],[Total]]*0.9,IF(Table1[[#This Row],[Month]]="Dec",Table1[[#This Row],[Total]]*0.9,0)) -> 0 | J9: =Table1[[#This Row],[Total]]-Table1[[#This Row],[Discount]] -> 1748
A10: 161 | B10: Alex | C10: B | D10: =VLOOKUP(Table1[[#This Row],[Product]],'Income Statements'!$C$4:$E$7,3,TRUE) -> 48 | E10: Aug | F10: South | G10: 45 | H10: =Table1[[#This Row],[Price]]*Table1[[#This Row],[Unit]] -> 2160 | I10: =IF(Table1[[#This Row],[Region]]="West",Table1[[#This Row],[Total]]*0.9,IF(Table1[[#This Row],[Month]]="Dec",Table1[[#This Row],[Total]]*0.9,0)) -> 0 | J10: =Table1[[#This Row],[Total]]-Table1[[#This Row],[Discount]] -> 2160
A11: 275 | B11: Alex | C11: D | D11: =VLOOKUP(Table1[[#This Row],[Product]],'Income Statements'!$C$4:$E$7,3,TRUE) -> 35 | E11: Aug | F11: Midwest | G11: 16 | H11: =Table1[[#This Row],[Price]]*Table1[[#This Row],[Unit]] -> 560 | I11: =IF(Table1[[#This Row],[Region]]="West",Table1[[#This Row],[Total]]*0.9,IF(Table1[[#This Row],[Month]]="Dec",Table1[[#This Row],[Total]]*0.9,0)) -> 0 | J11: =Table1[[#This Row],[Total]]-Table1[[#This Row],[Discount]] -> 560
A12: 358 | B12: Alex | C12: D | D12: =VLOOKUP(Table1[[#This Row],[Product]],'Income Statements'!$C$4:$E$7,3,TRUE) -> 35 | E12: Aug | F12: East | G12: 4 | H12: =Table1[[#This Row],[Price]]*Table1[[#This Row],[Unit]] -> 140 | I12: =IF(Table1[[#This Row],[Region]]="West",Table1[[#This Row],[Total]]*0.9,IF(Table1[[#This Row],[Month]]="Dec",Table1[[#This Row],[Total]]*0.9,0)) -> 0 | J12: =Table1[[#This Row],[Total]]-Table1[[#This Row],[Discount]] -> 140
A13: 389 | B13: Alex | C13: D | D13: =VLOOKUP(Table1[[#This Row],[Product]],'Income Statements'!$C$4:$E$7,3,TRUE) -> 35 | E13: Aug | F13: South | G13: 39 | H13: =Table1[[#This Row],[Price]]*Table1[[#This Row],[Unit]] -> 1365 | I13: =IF(Table1[[#This Row],[Region]]="West",Table1[[#This Row],[Total]]*0.9,IF(Table1[[#This Row],[Month]]="Dec",Table1[[#This Row],[Total]]*0.9,0)) -> 0 | J13: =Table1[[#This Row],[Total]]-Table1[[#This Row],[Discount]] -> 1365
A14: 414 | B14: Alex | C14: A | D14: =VLOOKUP(Table1[[#This Row],[Product]],'Income Statements'!$C$4:$E$7,3,TRUE) -> 62 | E14: Aug | F14: West | G14: 19 | H14: =Table1[[#This Row],[Price]]*Table1[[#This Row],[Unit]] -> 1178 | I14: =IF(Table1[[#This Row],[Region]]="West",Table1[[#This Row],[Total]]*0.9,IF(Table1[[#This Row],[Month]]="Dec",Table1[[#This Row],[Total]]*0.9,0)) -> 1060.2 | J14: =Table1[[#This Row],[Total]]-Table1[[#This Row],[Discount]] -> 117.8
... A1001: 846 | B1001: Velma | C1001: C | D1001: =VLOOKUP(Table1[[#This Row],[Product]],'Income Statements'!$C$4:$E$7,3,TRUE) -> 46 | E1001: Sep | F1001: Midwest | G1001: 28 | H1001: =Table1[[#This Row],[Price]]*Table1[[#This Row],[Unit]] -> 1288 | I1001: =IF(Table1[[#This Row],[Region]]="West",Table1[[#This Row],[Total]]*0.9,IF(Table1[[#This Row],[Month]]="Dec",Table1[[#This Row],[Total]]*0.9,0)) -> 0 | J1001: =Table1[[#This Row],[Total]]-Table1[[#This Row],[Discount]] -> 1288

Sheet Income Statements
A1: 2016 Income Statement
A3: Revenue | D3: Unit Sold | E3: Unit Price | F3: Unit Cost | G3: Revenue | H3: COGS
B4: Product A | C4: A | D4: 6543 | E4: 62 | F4: 48 | G4: =D4*E4 -> 405666 | H4: =D4*F4 -> 314064
B5: Product B | C5: B | D5: 6211 | E5: 48 | F5: 35 | G5: =D5*E5 -> 298128 | H5: =D5*F5 -> 217385
B6: Product C | C6: C | D6: 6844 | E6: 46 | F6: 34 | G6: =D6*E6 -> 314824 | H6: =D6*F6 -> 232696
B7: Product D | C7: D | D7: 6060 | E7: 35 | F7: 27 | G7: =D7*E7 -> 212100 | H7: =D7*F7 -> 163620
B9: Total Revenue | D9: =SUM(G4:G7) -> 1230718
B10: Total COGS | D10: =SUM(H4:H7) -> 927765
B11: Gross Profit | D11: =D9-D10 -> 302953
A14: Operating Expenses
B15: Salaries | D15: =0.12*D9 -> 147686.16
B16: Advertising | D16: =0.04*D9 -> 49228.72
B17: Miscellaneous | D17: =0.01*D9 -> 12307.18
A18: Total Operating Expenses | D18: =SUM(D15:D17) -> 209222.06
A20: Earnings Before Taxes | D20: =D11-D18 -> 93730.94
A21: Taxes | D21: =0.25*D20 -> 23432.735
A22: Net Profit | D22: =D20-D21 -> 70298.205

Sheet Pivot Tables
A1: Total sales made by each salesperson
A2: Row Labels | B2: Sum of Total
A3: Alex | B3: 101410
A4: Amy | B4: 95004
A5: Beth | B5: 99528
A6: Chris | B6: 132638
A7: David | B7: 88770
A8: Felicia | B8: 98223
A9: Jennifer | B9: 110937
A10: Jim | B10: 100799
A11: Lauren | B11: 92240
A12: Nathan | B12: 104326
A13: Sharon | B13: 110476
A14: Velma | B14: 95803
A15: (blank)
A16: Grand Total | B16: 1230154
A18: The pivot table above shows the total sales made by each salesperson. The table shows that Chris made the highest sales of 132638.

Sheet Business Charts
A1: Salesperson | B1: Total Unit Sold | D1: Product | E1: Total Unit Sold | G1: Month | H1: Total Unit Sold | J1: Region | K1: Total Unit Sold
A2: Alex | B2: 2099 | D2: A | E2: 6543 | G2: Jan | H2: 1994 | J2: East | K2: 6195
A3: Amy | B3: 2069 | D3: B | E3: 6205 | G3: Feb | H3: 1727 | J3: Midwest | K3: 6334
A4: Beth | B4: 2091 | D4: C | E4: 6838 | G4: Mar | H4: 2189 | J4: South | K4: 6941
A5: Chris | B5: 2792 | D5: D | E5: 6060 | G5: Apr | H5: 2692 | J5: West | K5: 6176
A6: David | B6: 1835 | G6: May | H6: 2345
A7: Felicia | B7: 2055 | G7: Jun | H7: 1580
A8: Jennifer | B8: 2222 | G8: Jul | H8: 2271
A9: Jim | B9: 2072 | G9: Aug | H9: 2259
A10: Lauren | B10: 2020 | G10: Sep | H10: 1889
A11: Nathan | B11: 2176 | G11: Oct | H11: 2243
A12: Sharon | B12: 2275 | G12: Nov | H12: 2210
A13: Velma | B13: 1940 | G13: Dec | H13: 2247
C32: The first table is a pie chart and it shows that of the four products, C was the highly sold. The second chart is bar chart showing total sales per month. The chart shows that most sales were made in April.

Sheet Goal Seek
A1: 2017 Sales Estimate
A3: Revenue | C3: Unit Sold | D3: Unit Price | E3: Unit Cost | F3: Revenue | G3: COGS | H3: Price Increasing Rate:
B4: Product A | C4: 6543 | D4: =62*(1+$H$4) -> 66.432172 | E4: 48 | F4: =C4*D4 -> 434665.7 | G4: =C4*E4 -> 314064 | H4: 0.071486638
B5: Product B | C5: 6205 | D5: =48*(1+$H$4) -> 51.431359 | E5: 35 | F5: =C5*D5 -> 319131.58 | G5: =C5*E5 -> 217175
B6: Product C | C6: 6838 | D6: =46*(1+$H$4) -> 49.288385 | E6: 34 | F6: =C6*D6 -> 337033.98 | G6: =C6*E6 -> 232492
B7: Product D | C7: 6060 | D7: =35*(1+$H$4) -> 37.502032 | E7: 27 | F7: =C7*D7 -> 227262.32 | G7: =C7*E7 -> 163620
B9: Total Revenue | C9: =SUM(F4:F7) -> 1318093.6
B10: Total COGS | C10: =SUM(G4:G7) -> 927351
B11: Gross Profit | C11: =C9-C10 -> 390742.57
A14: Operating Expenses
B15: Salaries | C15: =0.12*C9 -> 158171.23
B16: Advertising | C16: =0.04*C9 -> 52723.743
B17: Miscellaneous | C17: =0.01*C9 -> 13180.936
A18: Total Operating Expenses | C18: =SUM(C15:C17) -> 224075.91
A20: Earnings Before Taxes | C20: =C11-C18 -> 166666.67
A21: Taxes | C21: =0.25*C20 -> 41666.667
A22: Net Profit | C22: =C20-C21 -> 125000

Sheet Scenario Summary 
B2: Scenario Summary
D3: Current Values: | E3: Product B price chage | F3: Product C price change | G3: Product B and C price changes
E4: Created by Admin on 10/19/2018 and price pf product B by 5 its sales will fall by 800 units and sales of C will increase by 700 Modified by Admin on 10/19/2018 | F4: Created by Admin on 10/19/2018 raise price of c by 4 will make its sales reduce by 550 and those of B increase by 400 Modified by Admin on 10/19/2018 | G4: Created by Admin on 10/19/2018 - The Third Scenario is to raise the price of both Product B and Product C by $6.00. This would cause sales for Products B and C to both decrease by 350 units each. Modified by Admin on 10/19/2018
B5: Changing Cells:
C6: $D$5 | D6: 6211 | E6: 6210 | F6: 6211 | G6: 6211
C7: $D$6 | D7: 6844 | E7: 6844 | F7: 6842 | G7: 6844
B8: Result Cells:
C9: $D$20 | D9: 93730.94 | E9: 93726.1 | F9: 93722.58 | G9: 93730.94
C10: $D$22 | D10: 70298.205 | E10: 70294.575 | F10: 70291.935 | G10: 70298.205
B11: Notes: Current Values column represents values of changing cells at
B12: time Scenario Summary Report was created. Changing cells for each
B13: scenario are highlighted in gray.
B16: the scenariao c has the optimal net profit

Sheet Solver Analysis
A1: 2017 income statement projections
A3: Revenue | D3: Unit to Sell | E3: Unit Price | F3: Unit Cost | G3: Revenue | H3: COGS
B4: Product A | C4: A | D4: 6543 | E4: 62 | F4: 48 | G4: =D4*E4 -> 405666 | H4: =D4*F4 -> 314064
B5: Product B | C5: B | D5: 6211 | E5: 48 | F5: 35 | G5: =D5*E5 -> 298128 | H5: =D5*F5 -> 217385
B6: Product C | C6: C | D6: 6844 | E6: 46 | F6: 34 | G6: =D6*E6 -> 314824 | H6: =D6*F6 -> 232696
B7: Product D | C7: D | D7: 6060 | E7: 35 | F7: 27 | G7: =D7*E7 -> 212100 | H7: =D7*F7 -> 163620
B9: Total Revenue | D9: =SUM(G4:G7) -> 1230718
B10: Total COGS | D10: =SUM(H4:H7) -> 927765
B11: Gross Profit | D11: =D9-D10 -> 302953
A14: Operating Expenses
B15: Salaries | D15: =0.12*D9 -> 147686.16
B16: Advertising | D16: =0.04*D9 -> 49228.72
B17: Miscellaneous | D17: =0.01*D9 -> 12307.18
A18: Total Operating Expenses | D18: =SUM(D15:D17) -> 209222.06
A20: Earnings Before Taxes | D20: =D11-D18 -> 93730.94
A21: Taxes | D21: =0.25*D20 -> 23432.735
A22: Net Profit | D22: =D20-D21 -> 70298.205

Sheet Sheet7

Sheet Sheet8
